 Dungeon Crawl Stone Soup version 0.28.0-1-gb440e238dd (webtiles) character file.

Game seed: 10514652240745801980

98 croobank the Firebug (level 4, -4/33 HPs)
             Began as a Draconian Fire Elementalist on Feb 27, 2022.
             Slain by Crazy Yiuf (16 damage)
             ... on level 4 of the Dungeon.
             The game lasted 00:10:04 (3352 turns).

croobank the Firebug (Draconian Fire Elementalist)  Turns: 3352, Time: 00:10:06

Health: -4/33      AC:  6    Str: 11    XL:     4   Next: 43%
Magic:  0/7        EV: 11    Int: 17    God:
Gold:   123        SH:  3    Dex: 11    Spells: 0/8 levels left

rFire   . . .      SeeInvis .   a - +3 rapier
rCold   . . .      Faith    .   m - +0 buckler
rNeg    . . .      Spirit   .   (armour unavailable)
rPois   .          Reflect  .   (helmet currently unavailable)
rElec   .          Harm     .   (no cloak)
rCorr   .          Rampage  .   e - +0 pair of gloves
Will    .....                   (boots currently unavailable)
Stlth   ++........              (no amulet)
HPRegen 0.11/turn               (no ring)
MPRegen 0.10/turn               (no ring)

@: appendages (expiring), very slightly contaminated, slowed, very slow
A: horns 2, talons 2, AC +5, unfitting armour, cold-blooded
a: End Transformation


You were on level 4 of the Dungeon.
You had temporarily grown beastly horns and talons.
You visited 1 branch of the dungeon, and saw 4 of its levels.

You collected 123 gold pieces.

Inventory:

Hand Weapons
 a - a +3 rapier (weapon)
 b - a +0 hunting sling
 c - a +0 short sword
 u - a +0 hand axe
Missiles
 d - 70 stones
 g - 10 poisoned darts (quivered)
 l - 27 arrows
 q - 4 curare-tipped darts
Armour
 e - a +0 pair of gloves (worn)
 m - a +0 buckler (worn)
Jewellery
 j - a ring of ice
Wands
 k - a wand of polymorph (10)
 o - a wand of paralysis (9)
 p - a wand of iceblast (4)
Scrolls
 h - a scroll of enchant weapon {unknown}
 r - a scroll of brand weapon {unknown}
 s - a scroll of teleportation {unknown}
 v - a scroll of immolation {unknown}
Potions
 f - 2 potions of lignification
 i - a potion of resistance {unknown}
 n - a potion of cancellation {unknown}
 t - a potion of heal wounds {unknown}


   Skills:
 + Level 2.4 Dodging
 + Level 2.4 Stealth
 + Level 0.6 Shields
 + Level 2.6 Spellcasting
 + Level 2.0 Conjurations
 + Level 3.5 Fire Magic


You couldn't memorise any spells.
You knew the following spells:

 Your Spells              Type           Power      Damage    Failure   Level
a - Foxfire               Conj/Fire      44%        2x1d6     8%          1
b - Scorch                Fire           28%        2d6       9%          2
c - Flame Wave            Conj/Fire      11%        2d5       61%         4
d - Beastly Appendage     Tmut           4%         N/A       26%         1

Your spell library contained the following spells:

 Spells                   Type           Power      Damage    Failure   Level
 Conjure Flame            Conj/Fire      11%        6-21      24%         3
 Inner Flame              Hex/Fire       8%         N/A       34%         3
 Wereblood                Tmut           2%         N/A       36%         2
 Dazzling Flash           Conj/Hex       10%        N/A       45%         3
 Spider Form              Tmut/Pois      2%         N/A       58%         3
 Iskenderun's Mystic Bla  Conj/Tloc      5%         2d3       86%         4
 Starburst                Conj/Fire      5%         6d4       100%        6


Dungeon Overview and Level Annotations

Branches:
Dungeon (4/15)
 Temple: D:4-7

Altars:
Elyvilon
Xom

Shops:
D:2 [

Annotations:
D:4 Crazy Yiuf


Innate Abilities, Weirdness & Mutations

You have temporarily grown beastly horns and talons.
Your plain brown scales are hard. (AC +5)
You cannot fit into any form of body armour.
You are cold-blooded and may be slowed by cold attacks.


Message History

(D) Dungeon
Where to? (Enter - D:3 @ (x,y), ? - help)
There is a large open door here.
There is a stone staircase leading down here.
You climb downwards.
Found 14 arrows.
There is a stone staircase leading up here.
Found a stone staircase leading down.
l - 27 arrows (gained 14)
Found a mace.
Found a runed translucent door.
Crazy Yiuf shouts!
Casting: Foxfire (safe; 8% risk of failure)
Confirm with . or Enter, or press ? or * to list all spells.
You miscast Beastly Appendage.
You are very lightly contaminated with residual magic.
Nothing appears to happen.
Casting: Beastly Appendage (safe; 26% risk of failure)
Confirm with . or Enter, or press ? or * to list all spells.
You miscast Beastly Appendage.
Nothing appears to happen.
Casting: Beastly Appendage (safe; 26% risk of failure)
Confirm with . or Enter, or press ? or * to list all spells.
You grow a pair of large bovine horns.
Your feet morph into talons.
Your transformation is almost over.
You open the door.
Crazy Yiuf screams, "Shadow noodlescoop ena!"
Casting: Beastly Appendage (safe; 26% risk of failure)
Confirm with . or Enter, or press ? or * to list all spells.
Flames lash Crazy Yiuf.
Crazy Yiuf is moderately wounded.
Crazy Yiuf's fire resistance burns away.
Crazy Yiuf hits you with a +4 quarterstaff of chaos!
You feel yourself slow down. Crazy Yiuf freezes you!
Casting: Scorch (safe; 9% risk of failure)
Confirm with . or Enter, or press ? or * to list all spells.
You miscast Scorch.
Nothing appears to happen.
Crazy Yiuf says, "Buddy bush broken!"
Crazy Yiuf drinks a potion.
Crazy Yiuf seems to speed up.
Crazy Yiuf says, "Action!
Fluff action koolooloo."
Crazy Yiuf hits you with a +4 quarterstaff of chaos!
You die...

###### ###
##....## ###..)#
#......####@g...#
##.......#..##...#
#..#....#.### ###
#.#########
#####.###
........#######
..>............
........#.###..
.######.#.#


You could see Crazy Yiuf (fast, combustible).

Vanquished Creatures
  2 adders
  An ufetubus (D:3)
  4 worms (D:2)
  4 dart slugs
  7 endoplasms
  2 giant cockroaches
  3 goblins
  7 hobgoblins
  2 jackals (D:3)
  5 kobolds
  2 quokkas (D:3)
  A ball python (D:3)
  4 bats
  7 frilled lizards
  3 rats (D:2)
54 creatures vanquished.

Vanquished Creatures (others)
  134 foxfires
134 creatures vanquished.

Grand Total: 188 creatures vanquished

Notes
Turn   | Place    | Note
-------+----------+-------------------------------------------
     0 | D:1      | croobank the Draconian Fire Elementalist began the quest
                  | for the Orb.
     0 | D:1      | Reached XP level 1. HP: 14/14 MP: 3/3
   387 | D:1      | Reached XP level 2. HP: 20/20 MP: 3/5
   390 | D:1      | Learned a level 2 spell: Scorch
   434 | D:1      | Found a faded altar of an unknown god.
  1080 | D:2      | Found Gisar's Antique Armour Boutique.
  1127 | D:2      | Reached XP level 3. HP: 20/26 MP: 0/6
  1359 | D:2      | Found a shimmering altar of Xom.
  2314 | D:3      | Reached XP level 4. HP: 24/33 MP: 1/7
  2741 | D:3      | Found a white marble altar of Elyvilon.
  2855 | D:3      | Learned a level 4 spell: Flame Wave
  2909 | D:3      | Learned a level 1 spell: Beastly Appendage
  3343 | D:4      | Found a runed translucent door.
  3344 | D:4      | Noticed Crazy Yiuf
  3352 | D:4      | Slain by Crazy Yiuf

Illustrated notes

Levels and vault maps discovered:
D:1:      wander_arrival_estate, layout_basic,
          hellmonk_ecumenical_altar_crossroads
D:2:      layout_basic, serial_aquarium, aquarium_bridge_long_separate
          [aquarium_subvault_bridge, aquarium_subvault_bridge,
          aquarium_subvault_bridge, aquarium_subvault_bridge,
          aquarium_subvault_bridge, aquarium_subvault_balcony],
          aquarium_bridge_square [aquarium_subvault_wall,
          aquarium_subvault_wall, aquarium_subvault_bridge,
          aquarium_subvault_window], aquarium_window_fake, aquarium_window_1,
          aquarium_window_2, aquarium_window_1, aquarium_view_2f,
          aquarium_view_2c, aquarium_pool_four, basic_altar, serial_shops,
          nicolae_shop_stone
D:3:      layout_basic, mainiacjoe_overflow_paths, kennysheep_generic_room_5
D:4:      layout_basic, kiku_gazebo_pond_becter, serial_shops, shop,
          nicolae_shop_statue_plus, nicolae_shop_crystal,
          minmay_misc_feat_doors, nicolae_shop_overcharged_wands, uniq_edmund,
          uniq_crazy_yiuf_cottage, uniq_menkaure, uniq_robin

Skill      XL: |  1  2  3  4 |
---------------+-------------+-----
Stealth        | 2 |  2.4
Dodging        | 2 |  2.4
Conjurations   | 2 |  2.0
Shields        | |  0.6
Spellcasting   | |  2.6
Fire Magic     | |  3.5

Action                   |  1- 3 |  4- 6 || total
-------------------------+-------+-------++-------
Melee: Unarmed           |     1 |       ||     1
       Short sword       |    26 |       ||    26
       Tailslap          |     6 |       ||     6
       Punch             |     1 |       ||     1
 Cast: Foxfire           |    56 |    19 ||    75
       Scorch            |     4 |     1 ||     5
       Beastly Appendage |       |     1 ||     1
  Use: Scroll            |       |     2 ||     2
Armor: Skin              |     9 |     2 ||    11
Dodge: Dodged            |    35 |     3 ||    38
Block: Buckler           |     2 |     2 ||     4
